 Dungeon Crawl Stone Soup version 0.30-a0-702-gdf48620a09 (webtiles) character file.

Game seed: 16762056518019940793

663290 Citaku the Axe Maniac (level 27, -4/273 HPs)
             Began as a Minotaur Fighter on Jan 19, 2023.
             Was an Initiate of Gozag.
             Engulfed by Vanaf the pandemonium lord's freezing vapour (27 damage)
             ... in Pandemonium on Jan 21, 2023.
             The game lasted 03:14:20 (81560 turns).

Citaku the Axe Maniac (Minotaur Fighter)           Turns: 81560, Time: 03:14:20

Health: -4/273     AC: 45    Str: 51    XL:     27
Magic:  22/22      EV: 28    Int:  8    God:    Gozag
Gold:   2094       SH: 31    Dex: 16    Spells: 24/26 levels left

rFire   . . .      SeeInvis +    a - +9 hand axe of Okawaru, Stopping {drain, Str+7}
rCold   . . .      Faith    .    G - +6 tower shield {reflect}
rNeg    + . .      Spirit   .    e - +10 plate armour "Xehydo" {Drain Dex+3 Slay+2}
rPois   +          Reflect  +    M - +0 mask of the Dragon {Will+ Slay+3 SInv}
rElec   .          Harm     .    U - +1 cloak of Starlight {*Dazzle EV+4 Stlth--}
rCorr   +          Rampage  .    w - +2 pair of gloves {Str+3}
Will    +++++      Clarity  +    W - +0 pair of boots of the Game of Kings {Will+ Str+4 Int+3} Stlth
                                 q - amulet "Lootuf" {Regen+ rCorr Str+2 Stlth-}
HPRegen 1.45/turn                J - ring "Dukeeq" {rPois Slay+4}
MPRegen 0.18/turn                v - ring of the Castellan {rN+ Will+ Str+3 Slay+6 SInv}

@: gold aura, studying Ice Magic, silenced, unable to read
A: horns 2, retaliatory headbutt, iridescent scales 2, clarity, wild magic 1,
inability to read after injury 1
0: Orb of Zot
}: 4/15 runes: decaying, serpentine, slimy, silver
a: Renounce Religion


You were in Pandemonium.
You worshipped Gozag.
Gozag was most pleased with you.
You visited 11 branches of the dungeon, and saw 55 of its levels.
You visited Pandemonium 1 time, and saw 1 of its levels.
You visited the Abyss 1 time.
You also visited: Ice Cave and Volcano.

You collected 33699 gold pieces.
You spent 9175 gold pieces at shops.
You paid 22430 gold pieces to Gozag.

Inventory:

Hand Weapons
 a - the +9 hand axe of Okawaru, Stopping (weapon) {drain, Str+7}
   (You found it on level 3 of the Vaults)

   Str:       It affects your strength (+7).
Missiles
 Y - 6 silver javelins (quivered)
Armour
 e - the +10 plate armour "Xehydo" (worn) {Drain Dex+3 Slay+2}
   (You found it on level 5 of the Vaults)

   Dex:       It affects your dexterity (+3).
   Slay:      It affects your accuracy & damage with ranged weapons and melee
   (+2).
   Drain:     It drains your maximum health when unequipped.
 w - a +2 pair of gloves of strength (worn)
 G - a +6 tower shield of reflection (worn)
 M - the +0 mask of the Dragon (worn) {Will+ Slay+3 SInv}
   (You bought it in a shop on level 2 of the Orcish Mines)

   Slay:      It affects your accuracy & damage with ranged weapons and melee
   (+3).
   SInv:      It lets you see invisible.
   Will:      It increases your willpower.
 N - a +10 plate armour of fire resistance
 U - the +1 cloak of Starlight (worn) {*Dazzle EV+4 Stlth--}
   (You bought it in a shop on level 2 of the Depths)

   *Dazzle:   It may blind those who miss an attack against the wearer in melee
   combat.
   EV:        It affects your evasion (+4).
   Stlth:     It makes you much less stealthy.
 W - the +0 pair of boots of the Game of Kings (worn) {Will+ Str+4 Int+3}
   (You found it on level 5 of the Pits of Slime)

   Str:       It affects your strength (+4).
   Int:       It affects your intelligence (+3).
   Will:      It increases your willpower.
Jewellery
 g - a +6 ring of dexterity
 l - a ring of fire
 q - the amulet "Lootuf" (around neck) {Regen+ rCorr Str+2 Stlth-}
   (You found it on level 3 of the Crypt)

   [amulet of regeneration]

   Str:       It affects your strength (+2).
   Regen:     It increases your rate of health regeneration.
   rCorr:     It protects you from acid and corrosion.
   Stlth:     It makes you less stealthy.
 v - the ring of the Castellan (right hand) {rN+ Will+ Str+3 Slay+6 SInv}
   (You took it off a centaur on level 11 of the Dungeon)

   [ring of willpower]

   Str:       It affects your strength (+3).
   Slay:      It affects your accuracy & damage with ranged weapons and melee
   (+6).
   rN:        It protects you from negative energy.
   SInv:      It lets you see invisible.
   Will:      It increases your willpower.
 J - the ring "Dukeeq" (left hand) {rPois Slay+4}
   (You bought it in a shop on level 2 of the Snake Pit)

   [ring of slaying]

   Slay:      It affects your accuracy & damage with ranged weapons and melee
   (+4).
   rPois:     It protects you from poison.
Wands
 k - a wand of mindburst (4)
 y - a wand of digging (7)
 C - a wand of flame (10)
 I - a wand of quicksilver (4)
Scrolls
 b - a scroll of blinking
 d - 9 scrolls of fear
 f - 48 scrolls of identify
 i - 10 scrolls of poison
 j - 9 scrolls of fog
 m - 22 scrolls of teleportation
 o - 16 scrolls of vulnerability
 r - 9 scrolls of amnesia
 t - 2 scrolls of noise
 u - a scroll of brand weapon
 E - a scroll of butterflies
 F - a scroll of enchant weapon
 L - 3 scrolls of silence
Potions
 c - a potion of haste
 h - 9 potions of brilliance
 n - 15 potions of flight
 p - 6 potions of lignification
 x - 11 potions of attraction
 z - 20 potions of curing
 B - 2 potions of ambrosia
 D - 3 potions of magic
 T - 3 potions of invisibility
Miscellaneous
 s - a phantom mirror
 K - a box of beasts
 P - a condenser vane
 Q - a phial of floods
 R - a tin of tremorstones (2/2)


   Skills:
 O Level 27 Fighting
 O Level 27 Axes
 O Level 27 Armour
 * Level 26.1 Dodging
 O Level 27 Shields


You had 24 spell levels left.
You knew the following spells:

 Your Spells              Type           Power      Damage    Failure   Level
a - Lesser Beckoning      Tloc           0%         N/A       83%         2

Your spell library contained the following spells:

 Spells                   Type           Power      Damage    Failure   Level
 Apportation              Tloc           0%         N/A       71%         1
 Foxfire                  Conj/Fire      0%         2x1d4     71%         1
 Freeze                   Ice            0%         1d3       71%         1
 Necrotise                Necr           0%         1d4       71%         1
 Sting                    Tmut/Pois      0%         1d3       71%         1
 Summon Small Mammal      Summ           0%         N/A       71%         1
 Blink                    Tloc           0%         N/A       83%         2
 Cigotuvi's Dreadful Rot  Necr/Pois/Air  0%         N/A       83%         2
 Ensorcelled Hibernation  Hex/Ice        0%         N/A       83%         2
 Momentum Strike          Conj/Tloc      0%         3d8       83%         2
 Sublimation of Blood     Necr           0%         N/A       83%         2
 Wereblood                Tmut           0%         N/A       83%         2
 Call Canine Familiar     Summ           0%         N/A       96%         3
 Confusing Touch          Hex            0%         N/A       96%         3
 Dazzling Flash           Conj/Hex       0%         N/A       96%         3
 Frozen Ramparts          Ice            0%         1d1       96%         3
 Gell's Gravitas          Tloc           0%         N/A       96%         3
 Hailstorm                Conj/Ice       0%         3d3       96%         3
 Ignite Poison            Fire/Tmut/Pois 0%         N/A       96%         3
 Inner Flame              Hex/Fire       0%         N/A       96%         3
 Kindle Blastsparks       Fire/Tloc/Air  0%         2d10      96%         3
 Mephitic Cloud           Conj/Pois/Air  0%         N/A       96%         3
 Ozocubu's Armour         Ice            0%         N/A       96%         3
 Portal Projectile        Hex/Tloc       0%         N/A       96%         3
 Spider Form              Tmut/Pois      0%         N/A       96%         3
 Stone Arrow              Conj/Erth      0%         3d7       96%         3
 Summon Guardian Golem    Hex/Summ       0%         N/A       96%         3
 Teleport Other           Tloc           0%         N/A       96%         3
 Tukima's Dance           Hex            0%         N/A       96%         3
 Vhi's Electric Charge    Tloc/Air       0%         N/A       96%         3
 Anguish                  Hex/Necr       0%         N/A       100%        4
 Animate Armour           Summ/Erth      0%         N/A       100%        4
 Flame Wave               Conj/Fire      0%         2d4       100%        4
 Fulminant Prism          Conj/Hex       0%         3d5       100%        4
 Leda's Liquefaction      Hex/Erth       0%         N/A       100%        4
 Manifold Assault         Tloc           0%         N/A       100%        4
 Olgreb's Toxic Radiance  Pois           0%         N/A       100%        4
 Passage of Golubria      Tloc           0%         N/A       100%        4
 Petrify                  Tmut/Erth      0%         N/A       100%        4
 Sticky Flame             Conj/Fire      0%         2d3       100%        4
 Summon Ice Beast         Ice/Summ       0%         N/A       100%        4
 Summon Lightning Spire   Summ/Air       0%         N/A       100%        4
 Agony                    Necr           0%         N/A       100%        5
 Alistair's Intoxication  Tmut/Pois      0%         N/A       100%        5
 Arcjolt                  Conj/Air       0%         1d10      100%        5
 Blade Hands              Tmut           0%         N/A       100%        5
 Borgnjor's Vile Clutch   Necr/Erth      0%         N/A       100%        5
 Fireball                 Conj/Fire      0%         3d3       100%        5
 Freezing Cloud           Conj/Ice/Air   0%         6-21      100%        5
 Iskenderun's Battlesphe  Conj           0%         2d6       100%        5
 Lee's Rapid Deconstruct  Erth           0%         3d4*      100%        5
 Metabolic Englaciation   Hex/Ice        0%         N/A       100%        5
 Silence                  Hex/Air        0%         N/A       100%        5
 Summon Forest            Summ/Tloc      0%         N/A       100%        5
 Summon Mana Viper        Hex/Summ       0%         N/A       100%        5
 Yara's Violent Unravell  Hex/Tmut       0%         3d3       100%        5
 Conjure Ball Lightning   Conj/Air       0%         3x3d6     100%        6
 Death Channel            Necr           0%         N/A       100%        6
 Dispersal                Tloc           0%         N/A       100%        6
 Eringya's Noxious Bog    Tmut/Pois      0%         N/A       100%        6
 Iron Shot                Conj/Erth      0%         9d1       100%        6
 Starburst                Conj/Fire      0%         6d3       100%        6
 Statue Form              Tmut/Erth      0%         N/A       100%        6
 Enfeeble                 Hex            0%         N/A       100%        7
 Haunt                    Necr/Summ      0%         N/A       100%        7
 Malign Gateway           Summ/Tloc      0%         N/A       100%        7
 Monstrous Menagerie      Summ           0%         N/A       100%        7
 Orb of Destruction       Conj           0%         9d5       100%        7
 Ozocubu's Refrigeration  Ice            0%         4d7       100%        7
 Storm Form               Tmut/Air       0%         N/A       100%        7
 Summon Hydra             Summ           0%         N/A       100%        7
 Borgnjor's Revivificati  Necr           0%         N/A       100%        8
 Disjunction              Tloc           0%         N/A       100%        8
 Ignition                 Fire           0%         3d3       100%        8
 Infestation              Necr           0%         N/A       100%        8
 Lehudib's Crystal Spear  Conj/Erth      0%         10d2      100%        8
 Maxwell's Capacitive Co  Air            0%         ∞         100%        8
 Necromutation            Tmut/Necr      0%         N/A       100%        8
 Death's Door             Necr           0%         N/A       100%        9
 Polar Vortex             Ice            0%         N/A       100%        9
 Animate Dead             Necr           Unusable   N/A       N/A         4
 Simulacrum               Ice/Necr       Unusable   N/A       N/A         6

Dungeon Overview and Level Annotations

Branches:
Dungeon (15/15)            Temple (0/1) D:7            Lair (5/5) D:11
  Swamp (4/4) Lair:2        Snake (4/4) Lair:2        Slime (5/5) Lair:4
    Orc (2/2) D:11            Elf (3/3) Orc:2        Vaults (5/5) D:13
  Crypt (3/3) Vaults:3       Tomb (0/3) Crypt:3      Depths (4/4) D:15
    Zot (5/5) Depths:4      IceCv (visited)         Volcano (visited)

Altars:
Cheibriados
Dithmenos
Elyvilon
Fedhas
Gozag
Hepliaklqana
Kikubaaqudgha
Nemelex Xobeh
Qazlal
Ru
Trog
Uskayaw
Xom
Yredelemnul
Zin
The Shining One
Jiyva

Shops:
D:8 *   D:12 [(   D:13 [   Orc:1 *   Orc:2 [[!([[:   Swamp:4 [   Snake:1 *
Snake:2 ==:   Slime:3 (?   Vaults:1 (   Vaults:3 (   Vaults:4 *[   Crypt:3 *
Depths:2 [   Depths:4 ?*

Portals:
Hell: Depths:1 Depths:2 Depths:3 Depths:4
Abyss: Depths:1 Depths:2 Depths:3
Pandemonium: Depths:1 Depths:2
Ziggurat: Depths:4

Annotations:
Elf:1 1 runed translucent door
Pan Gloorx Vloq


Innate Abilities, Weirdness & Mutations

You have a pair of horns on your head.
You reflexively headbutt those who attack you in melee.
You are mostly covered in iridescent scales. (AC +4)
You possess an exceptional clarity of mind.
Your spells are a little harder to cast, but a little more powerful.
You occasionally lose the ability to read scrolls when taking damage.


Message History

The bolt of lightning hits the Executioner!!!
The Executioner resists.
The Executioner is no longer distracted by gold.
The bolt of lightning hits Vanaf.
The bolt of lightning hits the soul eater!!!
The soul eater dies!
The bolt of lightning hits you!!!
* * * LOW HITPOINT WARNING * * *
The bolt of lightning hits the curse skull!!
The curse skull resists.
The bolt of lightning hits Gloorx Vloq!!
Gloorx Vloq resists.
The bolt of lightning hits the hellwing!!!
The hellwing dies!
The bolt of lightning hits the dire elephant skeleton!!
The dire elephant skeleton is no longer distracted by gold.
The bolt of lightning hits the spriggan defender zombie!!
The bolt of lightning hits the toenail golem!
The toenail golem resists.
The dire elephant skeleton is distracted by your dazzling golden aura.
You are too injured to fight recklessly!
You cannot read scrolls in your current state!
Okay, then.
Okay, then.
You feel better.
You are engulfed in freezing vapours.
* * * LOW HITPOINT WARNING * * *
The Executioner is no longer distracted by gold.
The Executioner is engulfed in freezing vapours. x4
The curse skull rattles its jaw silently.
Vanaf is distracted by your dazzling golden aura.
The Executioner is engulfed in freezing vapours.
You block the Executioner's attack. x3
The Executioner is engulfed in freezing vapours.
The spriggan defender zombie misses you.
You furiously retaliate!
You headbutt the spriggan defender zombie!!!
Gloorx Vloq is distracted by your dazzling golden aura.
You feel better.
You are engulfed in freezing vapours.
You die...
Your body crumbles into a pile of gold.

....##...#.?..#################..
....##..#....##...#...#...#...#..
....#.......##.#.#.#.#.#.#.)..#..
....#......##...#...#...#.....#.#
....#.....##.#.#.#.#.#.#......'..
....#.#..## ..#...#...#.......'..
....#...## #.#9#.#.#.#.#......'..
....#...# #§§Z#...#...#.....#.#
....#...# #@#########....##.
....#.#.# #z1&# ##...# #
....#...# #Z#○#1# ##### ....#.[.#
#.W.#W$&# ####....# #.# # # #.#
#....#.# #.. .$# ##.#....##.# #..
....#...#.. .. ....#...# $


You could see Gloorx Vloq (unsilenced, unaware), Vanaf (silencing, clouds,
unsilenced, unaware), 2 Executioners, a toenail golem, a curse skull
(unsilenced), a phantasmal warrior (summoned, unsilenced), a shadow (summoned,
unsilenced), a spriggan defender zombie (summoned) and a dire elephant skeleton
(summoned, unaware).

Vanquished Creatures
  Dissolution (Slime:3)
  the Royal Jelly (Slime:5)
  2 seraphim (Pan)
  4 dread liches
  3 orbs of fire
  5 ancient liches
  Mara (Vaults:2)
  2 pandemonium lords
  A juggernaut (Depths:3)
  The ghost of Sisiakhle the Sniper, a legendary KoDe of Makhleb (Zot:2)
  Boris (twice) (Crypt:1 Crypt:2)
  The ghost of Ruisamic the Axe Maniac, a veteran MiBe of Trog (Crypt:3)
  11 Killer Klowns
  Vashnia (Snake:4)
  Saint Roka (Snake:4)
  8 caustic shrikes
  4 golden dragons
  2 curse toes
  Jory (Vaults:4)
  the Enchantress (Depths:1)
  A profane servitor (Pan)
  3 Tzitzimimeh (Pan)
  3 bone dragons
  A shard shrike zombie (Crypt:2)
  2 hellephants (Pan)
  Jorgrun (D:13)
  3 Brimstone Fiends
  Rupert (Lair:4)
  4 electric golems
  Zenata (Crypt:1)
  15 tentacled monstrosities
  A Hell Sentinel (Pan)
  An Ice Fiend (Zot:5)
  38 Orb Guardians
  Asterion (Depths:2)
  8 liches
  A titan (Vaults:5)
  3 deep elf master archers (Elf:3)
  A walking frostbound tome (Depths:3)
  6 deep elf blademasters
  7 quicksilver dragons
  23 acid blobs
  The ghost of LetschGu the Marksminotaur, an adept MiHu of the Shining One (Swamp:4)
  An eldritch tentacle (Elf:2)
  8 ancient champions
  Frances (Elf:1)
  7 Executioners
  11 death cobs
  5 sphinxes
  2 thorn hunters
  8 tengu reavers
  12 shadow dragons
  9 storm dragons
  5 nagarajas
  Donald (Crypt:2)
  6 fire giants
  16 azure jellies
  21 rockslimes
  3 revenants
  A fenstrider witch (Swamp:2)
  Roxanne (Swamp:4)
  6 draconian knights
  3 frost giants
  A daeva (Depths:4)
  5 draconian monks
  Aizul (Snake:2)
  14 vault wardens
  5 deep elf sorcerers
  3 ghost moths
  An iron dragon (Depths:3)
  6 draconian shifters
  11 ghouls
  7 draconian scorchers
  2 curse skulls
  4 balrugs
  A cacodemon (Pan)
  3 angels
  Louise (Depths:3)
  3 draconian stormcallers (Zot:2)
  A reaper (Depths:2)
  2 war gargoyles (Vaults:4)
  A demonspawn corrupter (Pan)
  17 quicksilver oozes
  2 demonspawn blood saints
  4 deep elf elementalists (Elf:3)
  5 orc warlords
  16 ironbound preservers
  10 vampire knights
  7 ironbound thunderhulks
  8 very ugly things
  A hydra skeleton (Swamp:4)
  3 draconian annihilators
  3 spriggan defenders (Depths:1)
  2 deep elf demonologists
  11 green draconians
  16 stone giants
  3 black draconians
  2 eleionomae (shapeshifter) (Vaults:5)
  9 red draconians
  A lorocyproca (Pan)
  7 yellow draconians
  2 demonspawn black suns
  2 dire elephants (Depths:2)
  12 purple draconians
  4 eleionomae
  14 white draconians
  A bunyip (Swamp:4)
  10 deep elf annihilators
  A blizzard demon (Pan)
  A crystal guardian (Vaults:3)
  11 ettins
  7 eidola
  An ettin (shapeshifter) (Vaults:4)
  A green death (Depths:2)
  6 deep elf death magi
  Josephine (D:15)
  5 deep elf high priests
  8 fire dragons
  8 jiangshi
  3 shambling mangroves (Swamp:4)
  16 great orbs of eyes
  6 rakshasas
  13 yaktaur captains
  4 ogre magi
  33 vault guards
  4 salamander tyrants
  Erolcha (D:13)
  2 hell beasts (Pan)
  3 ghost crabs
  4 caustic shrike simulacra (IceCv)
  3 spriggan air magi
  7 ice dragons
  4 anacondas
  3 peacekeepers
  15 centaur warriors
  15 hydras
  Erica (D:8)
  4 catoblepae
  8 ironbound frosthearts
  3 spectral draconians (Zot:2)
  2 death knights (Crypt:1)
  2 boulder beetles
  27 dancing weapons
  An anaconda (shapeshifter) (Depths:3)
  14 two-headed ogres
  10 alligators
  15 naga warriors
  6 deep troll earth magi
  A Killer Klown simulacrum (Zot:2)
  4 tengu warriors
  3 vampire magi
  3 deep troll shamans
  2 spriggan berserkers
  10 shock serpents
  3 thrashing horrors (Abyss:1)
  10 sun demons
  2 hell knights
  15 deep elf knights
  4 hell hogs (Abyss:1)
  15 naga sharpshooters
  4 orc high priests
  Urug (D:13)
  A spectral storm dragon (Zot:2)
  4 soul eaters
  A sixfirhy (Abyss:1)
  A wretched star (Abyss:1)
  3 salamander mystics (Snake:3)
  6 iron trolls
  6 goliath frogs
  5 cherubim
  13 spriggans
  29 skeletal warriors
  7 shadow wraiths
  A death drake (Elf:2)
  8 spriggan druids
  47 deep trolls
  3 spectral hydras (Swamp:4)
  2 shadow demons
  4 obsidian statues
  A spriggan simulacrum (IceCv)
  An orange crystal statue (Lair:4)
  A golden dragon skeleton (Elf:2)
  A tengu zombie (Vaults:3)
  5 glowing orange brains
  A wolf spider zombie (Crypt:2)
  7 phantasmal warriors
  7 swamp dragons
  6 naga ritualists
  16 deep elf archers
  18 ironbound convokers
  9 necromancers
  15 bog bodies
  An anaconda skeleton (Pan)
  An iron giant skeleton (Crypt:3)
  5 flayed ghosts
  23 deep elf zephyrmancers
  17 orc knights
  8 wizards
  5 harpies
  18 mana vipers
  39 deep elf pyromancers
  5 lindwurms
  8 cyclopes
  4 manticores
  3 orc sorcerers (Orc:1)
  13 ugly things
  21 salamanders
  22 moths of wrath
  2 stone giant zombies (D:15)
  13 oklob plants
  A frost giant zombie (D:15)
  A sphinx skeleton (Elf:2)
  A tengu skeleton (Elf:2)
  11 will-o-the-wisps
  6 toenail golems
  9 shining eyes
  A salamander (shapeshifter) (D:8)
  An elephant (shapeshifter) (D:13)
  A goliath frog skeleton (Crypt:1)
  20 elephants
  42 black mambas
  2 frost giant skeletons
  2 rust devils (Pan)
  2 smoke demons
  An apocalypse crab (Abyss:1)
  6 guardian serpents
  Maurice (D:13)
  17 naga magi
  6 eyes of devastation
  6 demonic crawlers (Pan)
  16 cane toads
  2 molten gargoyles (Lair:5)
  Maggie (D:8)
  2 gargoyles (D:11)
  2 torpor snails (Lair:4)
  2 orange demons (Pan)
  17 vault sentinels
  2 centaur skeletons
  A dire elephant skeleton (Pan)
  An orb spider zombie (Crypt:3)
  2 hellions
  A rime drake (Lair:3)
  A pale draconian zombie (Crypt:1)
  2 tormentors (Pan)
  4 efreet
  14 freezing wraiths
  10 komodo dragons
  A tengu conjurer (Depths:3)
  3 anaconda simulacra (IceCv)
  7 kobold demonologists
  An unseen horror skeleton (Crypt:3)
  28 yaktaurs
  2 ancient zymes (Abyss:1)
  5 golden dragon simulacra
  An ice devil (Pan)
  A merfolk (shapeshifter) (Vaults:4)
  6 trolls
  2 death drake zombies (Swamp:4)
  3 meliai (D:14)
  2 red devils (Pan)
  4 hydra zombies (Swamp:4)
  A bloated husk (Swamp:2)
  3 hellwings
  A meliai (shapeshifter) (D:11)
  4 raiju (Abyss:1)
  21 hornets
  2 tarantellas (Elf:2)
  A shadow dragon simulacrum (Elf:2)
  A tarantella (shapeshifter) (D:13)
  Prince Ribbit (D:6)
  A guardian serpent zombie (Crypt:1)
  7 dream sheep (Lair:5)
  18 blink frogs
  3 death drake skeletons (Swamp:4)
  12 tyrant leeches
  A frost giant simulacrum (Vaults:1)
  89 slime creatures
  An air elemental (Elf:2)
  5 small abominations
  An ettin skeleton (Vaults:2)
  2 jumping spiders (Elf:2)
  3 ynoxinuls
  A dire elephant simulacrum (IceCv)
  6 water elementals
  A shadow (D:11)
  A vampire (D:7)
  10 wraiths
  10 wyverns
  A centaur simulacrum (D:11)
  A wind drake zombie (Crypt:3)
  5 fire elementals
  73 yaks
  9 basilisks
  7 chaos spawn
  16 golden eyes
  A golden eye (shapeshifter) (D:15)
  12 vampire mosquitoes
  3 neqoxecs (Abyss:1)
  A yaktaur simulacrum (Vaults:1)
  2 minotaur simulacra (IceCv)
  2 spatial vortices (Elf:2)
  49 nagas
  4 redbacks (Elf:2)
  14 swamp worms
  8 wargs
  8 harpy simulacra (IceCv)
  2 two-headed ogre zombies (Crypt:2)
  7 acid dragons
  A floating eye (Depths:3)
  3 hydra simulacra (Swamp:4)
  9 water moccasins
  Duvessa (D:4)
  10 hell hounds
  37 orc warriors
  A meliai simulacrum (D:13)
  3 human skeletons
  10 swamp drakes
  A human zombie (Vaults:3)
  2 ice beasts
  A sky beast (D:7)
  3 black bears
  3 ettin simulacra (IceCv)
  5 alligator simulacra (IceCv)
  12 ogres
  3 swamp dragon zombies (Swamp:4)
  8 large abominations
  2 phantoms (D:5)
  A boggart (D:11)
  22 centaurs
  A dream sheep skeleton (Crypt:1)
  A manticore skeleton (Crypt:2)
  12 kobold brigands
  A komodo dragon zombie (Crypt:1)
  Blork the orc (D:4)
  3 gnoll sergeants
  2 human simulacra
  6 necrophages
  11 bullfrogs
  A salamander skeleton (Crypt:1)
  2 glowing shapeshifter simulacra (Elf:2)
  3 deep troll simulacra (IceCv)
  2 scorpions (D:5)
  2 water moccasin skeletons
  A wight (D:7)
  Dowan (D:4)
  A lindwurm simulacrum (IceCv)
  18 killer bees
  A raiju skeleton (Crypt:1)
  5 howler monkeys
  14 electric eels
  9 lava snakes
  A quasit (Abyss:1)
  A basilisk zombie (Crypt:3)
  5 hounds
  5 jellies
  10 orc priests
  2 iguanas
  A gnoll bouda (D:7)
  An iron imp (Abyss:1)
  19 starcursed masses (Abyss:1)
  Jessica (D:2)
  26 orc wizards
  3 lightning spires (Zot:4)
  4 gnolls (D:12)
  A howler monkey skeleton (Crypt:3)
  2 adders (D:3)
  A swamp drake zombie (Crypt:3)
  2 shadow imps
  7 white imps
  2 ufetubi
  A worm (D:4)
  2 dart slugs
  79 orcs
  12 bats
  6 endoplasms
  2 giant cockroaches (D:3)
  8 goblins
  8 hobgoblins
  13 jackals
  38 kobolds
  3 quokkas
  9 ball pythons
  7 frilled lizards
  A frilled lizard skeleton (Crypt:1)
  A jackal skeleton (Crypt:1)
  A quokka skeleton (Crypt:2)
  7 rats
  10 briar patches
  2 bushes
  3 plants
2601 creatures vanquished.

Vanquished Creatures (others)
  A pandemonium lord (Pan)
  2 draconian knights
  A ghost crab (Elf:2)
  A soul eater (Pan)
  2 deep elf knights
  A hellwing (Pan)
  A bloated husk (Swamp:4)
  A water elemental (Elf:2)
  A vampire (D:8)
  A floating eye (Depths:2)
  An ice beast (D:10)
  An orc priest (Elf:3)
  4 briar patches
  32 foxfires
  18 fungi
  46 plants
  3 withered plants (D:15)
117 creatures vanquished.

Grand Total: 2718 creatures vanquished

Notes
Turn   | Place    | Note
-------+----------+-------------------------------------------
     0 | D:1      | Citaku the Minotaur Fighter began the quest for the Orb.
     0 | D:1      | Reached XP level 1. HP: 19/19 MP: 0/0
    99 | D:1      | Reached XP level 2. HP: 26/27 MP: 1/1
   149 | D:1      | You fall into a shaft and drop 1 floor!
   363 | D:1      | Reached XP level 3. HP: 28/33 MP: 2/2
   710 | D:2      | Found a faded altar of an unknown god.
  1059 | D:2      | Noticed Jessica
  1062 | D:2      | Killed Jessica
  1063 | D:2      | Reached XP level 4. HP: 40/40 MP: 3/3
  1091 | D:2      | Got Jessica's Vellum of Geometries
  1309 | D:2      | Learned a level 2 spell: Lesser Beckoning
  1577 | D:3      | Found a glowing silver altar of Zin.
  1617 | D:3      | Found an opulent altar of Gozag.
  1638 | D:3      | Became a worshipper of Gozag Ym Sagoz the Greedy
  1903 | D:3      | Identified the +5 short sword "Xegh" {antimagic, rF+ rN+
                  | Will- rCorr}
  2062 | D:4      | Found a snail-covered altar of Cheibriados.
  2119 | D:4      | Found a shadowy altar of Dithmenos.
  2164 | D:4      | Reached skill level 5 in Armour
  2164 | D:4      | Reached XP level 5. HP: 46/47 MP: 4/4
  2236 | D:4      | Noticed Dowan
  2238 | D:4      | Noticed Duvessa
  2244 | D:4      | Killed Duvessa
  2245 | D:4      | Reached skill level 5 in Axes
  2245 | D:4      | Reached XP level 6. HP: 44/55 MP: 5/5
  2255 | D:4      | Killed Dowan
  2418 | D:4      | Noticed Blork the orc
  2424 | D:4      | Killed Blork the orc
  2425 | D:4      | Reached skill level 5 in Fighting
  2535 | D:4      | Reached skill level 5 in Shields
  2607 | D:4      | Found a bloodstained altar of Trog.
  2650 | D:4      | Reached XP level 7. HP: 58/61 MP: 6/6
  3051 | D:5      | Entered Level 5 of the Dungeon
  3242 | D:5      | Reached XP level 8. HP: 68/70 MP: 7/7
  4017 | D:6      | Found a basalt altar of Yredelemnul.
  4379 | D:6      | Noticed Prince Ribbit
  4403 | D:6      | Killed Prince Ribbit
  4404 | D:6      | Reached XP level 9. HP: 53/78 MP: 8/8
  4867 | D:6      | Found a stormy altar of Qazlal.
  5281 | D:7      | Noticed a cyclops
  5297 | D:7      | Noticed a troll
  5302 | D:7      | Killed a cyclops
  5304 | D:7      | Killed a troll
  5305 | D:7      | Reached skill level 10 in Armour
  5607 | D:7      | Found a blossoming altar of Fedhas.
  5660 | D:7      | Found a staircase to the Ecumenical Temple.
  5861 | D:7      | Reached skill level 10 in Axes
  6170 | D:8      | Noticed a two-headed ogre
  6172 | D:8      | Noticed a two-headed ogre
  6174 | D:8      | Noticed a troll
  6175 | D:8      | Killed a two-headed ogre
  6176 | D:8      | Reached XP level 10. HP: 64/88 MP: 9/9
  6254 | D:8      | Noticed a cyclops
  6261 | D:7      | Killed a two-headed ogre
  6391 | D:8      | Noticed an orc knight
  6394 | D:8      | Noticed a cyclops
  6397 | D:8      | Noticed a two-headed ogre
  6402 | D:7      | Killed an orc knight
  6689 | D:7      | Killed a two-headed ogre
  6695 | D:7      | Killed a cyclops
  7003 | D:8      | Killed a cyclops
  7008 | D:8      | Reached XP level 11. HP: 79/97 MP: 10/10
  7985 | D:8      | Noticed Maggie
  7997 | D:8      | Killed Maggie
  8116 | D:8      | Identified the +8 short sword of Tyomaov {flame, Str+5}
  8497 | D:8      | Found a shimmering altar of Xom.
  8498 | D:8      | Found a hazy altar of Hepliaklqana.
  8667 | D:8      | Noticed Erica
  8675 | D:8      | Killed Erica
  9099 | D:8      | Gained mutation: Your flesh is heat resistant. (rF+)
                  | [potion of mutation]
  9099 | D:8      | Gained mutation: You have large cloven feet. [potion of
                  | mutation]
  9100 | D:8      | Lost mutation: You have large cloven feet. [potion of
                  | mutation]
  9100 | D:8      | Lost mutation: Your flesh is heat resistant. (rF+) [potion
                  | of mutation]
  9100 | D:8      | Gained mutation: You have hidden genetic potential. [potion
                  | of mutation]
  9100 | D:8      | Gained mutation: Your flesh is cold resistant. (rC+)
                  | [potion of mutation]
  9100 | D:8      | Gained mutation: You do not regenerate when monsters are
                  | visible. [potion of mutation]
  9100 | D:8      | Gained mutation: You are agile. (Dex +4, Str/Int -1)
                  | [potion of mutation]
  9101 | D:8      | Lost mutation: Your flesh is cold resistant. (rC+) [potion
                  | of mutation]
  9101 | D:8      | Lost mutation: You are agile. (Dex +4, Str/Int -1) [potion
                  | of mutation]
  9101 | D:8      | Gained mutation: You have sharp toenails. [potion of
                  | mutation]
  9101 | D:8      | Gained mutation: Your magical capacity is low. (-10% MP)
                  | [potion of mutation]
  9102 | D:8      | Lost mutation: You have hidden genetic potential. [potion
                  | of mutation]
  9102 | D:8      | Lost mutation: You have sharp toenails. [potion of
                  | mutation]
  9102 | D:8      | Gained mutation: Your body sometimes deteriorates upon
                  | taking damage. [potion of mutation]
  9102 | D:8      | Gained mutation: Your magical capacity is very low. (-20%
                  | MP) [potion of mutation]
  9102 | D:8      | Gained mutation: You are somewhat resistant to further
                  | mutation. [potion of mutation]
  9104 | D:8      | Bought a scroll of identify for 68 gold pieces
  9104 | D:8      | Bought a scroll of identify for 68 gold pieces
  9104 | D:8      | Bought a scroll of identify for 68 gold pieces
 10155 | D:9      | Lost mutation: Your body sometimes deteriorates upon taking
                  | damage. [potion of mutation]
 10155 | D:9      | Lost mutation: You do not regenerate when monsters are
                  | visible. [potion of mutation]
 10155 | D:9      | Gained mutation: Your muscles are strong. (Str +4, Int/Dex
                  | -1) [potion of mutation]
 10441 | D:10     | Entered Level 10 of the Dungeon
 10469 | D:10     | Found a transporter.
 10532 | D:10     | Found a transporter.
 10532 | D:10     | Found the +12 pair of quick blades "Gyre" and "Gimble"
                  | {protect}
 10533 | D:10     | Found a sparkling altar of Nemelex Xobeh.
 10545 | D:10     | Reached skill level 10 in Fighting
 10810 | D:10     | Reached skill level 10 in Shields
 11048 | D:10     | Noticed a two-headed ogre
 11056 | D:10     | Killed a two-headed ogre
 11216 | D:10     | Noticed an obsidian statue
 11444 | D:10     | Reached XP level 12. HP: 92/107 MP: 8/8
 11451 | D:10     | Noticed a two-headed ogre
 11464 | D:10     | Killed a two-headed ogre
 11839 | D:11     | Identified a scroll of acquirement
 11839 | D:11     | Acquired a +1 pair of boots of rampaging
 11881 | D:11     | Found a staircase to the Orcish Mines.
 12099 | D:11     | Noticed a two-headed ogre
 12107 | D:11     | Killed a two-headed ogre
 12295 | D:11     | Noticed a centaur warrior
 12301 | D:11     | Killed a centaur warrior
 12305 | D:11     | Reached skill level 15 in Armour
 12307 | D:11     | Noticed an ogre mage
 12308 | D:11     | Noticed an ogre mage
 12310 | D:11     | Noticed a tengu warrior
 12313 | D:11     | Noticed a catoblepas
 12485 | D:11     | Found a staircase to the Lair.
 12681 | D:11     | Identified the ring of Ipreico {AC+4 Int+4}
 12692 | D:11     | Killed a catoblepas
 12698 | D:11     | Killed an ogre mage
 12699 | D:11     | Reached skill level 15 in Axes
 12757 | D:11     | Killed a tengu warrior
 12801 | D:11     | Identified the ring of the Castellan {rN+ Will+ Str+3
                  | Slay+6 SInv}
 12833 | D:11     | Identified the ring "Xodwoosh" {rF- AC+4 Dex+4}
 12837 | D:11     | Paralysed by something for 5 turns
 12860 | D:11     | Killed an ogre mage
 12861 | D:11     | Reached XP level 13. HP: 27/116 MP: 9/9
 13641 | D:11     | Found a runed translucent door.
 13659 | D:11     | Identified the ring "Loism" {rPois Will- Str+2 Int+3 Dex+6}
 14102 | D:12     | Found a gate leading to a gauntlet.
 14422 | Orc:1    | Entered Level 1 of the Orcish Mines
 14422 | Orc:1    | You fall into a shaft and drop 1 floor!
 14422 | Orc:2    | Entered Level 2 of the Orcish Mines
 14422 | Orc:2    | Found a staircase to the Elven Halls.
 14454 | Orc:1    | Paralysed by an orc sorcerer for 3 turns
 14708 | Orc:1    | Found Gomiorph's CLEARANCE SALE!.
 15181 | Orc:2    | Found Mugg's Book Shoppe.
 15968 | Orc:2    | Found Wugguzas's Weapon Shoppe.
 15968 | Orc:2    | Found Cuejan's Distillery.
 15971 | Orc:2    | Found Peziadwa's Armour Boutique.
 15973 | Orc:2    | Found Punih's Armour Emporium.
 16566 | Orc:2    | Bought a potion of curing for 45 gold pieces
 16566 | Orc:2    | Bought a potion of heal wounds for 75 gold pieces
 16566 | Orc:2    | Bought a potion of berserk rage for 75 gold pieces
 16566 | Orc:2    | Bought a potion of haste for 150 gold pieces
 16566 | Orc:2    | Bought a potion of might for 60 gold pieces
 16575 | Orc:2    | Bought the +0 mask of the Dragon {Will+ Slay+3 SInv} for
                  | 935 gold pieces
 16575 | Orc:2    | Found the +0 mask of the Dragon {Will+ Slay+3 SInv}
 16584 | Orc:2    | Bought a +3 plate armour of fire resistance for 675 gold
                  | pieces
 16720 | Lair:1   | Entered Level 1 of the Lair of Beasts
 17010 | Lair:1   | Identified the +0 rapier of Past Mistakes {freeze, Fly
                  | rPois Will+}
 17054 | Lair:1   | Found a dark tunnel.
 17064 | Volcano  | Entered a volcano
 17274 | Volcano  | Reached XP level 14. HP: 124/127 MP: 10/10
 17479 | Lair:1   | You fall into a shaft and drop 1 floor!
 18084 | Lair:1   | Found the ring of the Tortoise {AC+8}
 18881 | Lair:2   | Found a staircase to the Snake Pit.
 19303 | Lair:2   | Found a staircase to the Swamp.
 20326 | Lair:4   | Found a staircase to the Slime Pits.
 20326 | Lair:4   | Noticed Rupert
 20338 | Lair:4   | Killed Rupert
 20349 | Lair:4   | Found a viscous altar of Jiyva.
 20891 | Lair:4   | Reached XP level 15. HP: 124/137 MP: 11/11
 21814 | Lair:5   | Entered Level 5 of the Lair of Beasts
 22948 | Lair:5   | Found a large runed translucent door.
 22949 | Lair:5   | Found a large runed translucent door.
 23584 | Lair:5   | Identified the +1 hand axe "Maefotor" {flame, Int+6}
 24116 | D:13     | Noticed Erolcha
 24120 | D:13     | Killed Erolcha
 24297 | D:13     | Noticed Maurice
 24303 | D:13     | Killed Maurice
 24505 | D:13     | Found a gate to the Vaults.
 24669 | D:13     | Noticed Jorgrun
 24686 | D:13     | Killed Jorgrun
 24729 | D:13     | Identified the +1 scale mail of Enwax {Str+3}
 24733 | D:13     | Found a sacrificial altar of Ru.
 25029 | D:13     | Noticed Urug
 25038 | D:13     | Killed Urug
 25144 | D:14     | Found a frozen archway.
 25149 | IceCv    | Entered an ice cave
 25604 | IceCv    | Found an ancient bone altar of Kikubaaqudgha.
 25610 | IceCv    | Reached XP level 16. HP: 104/147 MP: 11/11
 26025 | IceCv    | Noticed a lich
 26035 | IceCv    | Killed a lich
 26250 | IceCv    | Identified the ring of Xom's Flight of Fancy {rF+ rN+
                  | Will+}
 26751 | D:14     | Found an ancient bone altar of Kikubaaqudgha.
 26862 | D:14     | Reached skill level 15 in Fighting
 27112 | D:15     | Entered Level 15 of the Dungeon
 27166 | D:15     | Reached skill level 15 in Shields
 27221 | D:15     | Noticed Josephine
 27233 | D:15     | Killed Josephine
 27502 | D:15     | Identified the +0 leather armour of Resourcefulness {rC+
                  | Regen+ MP-9}
 27505 | D:15     | Found a staircase to the Depths.
 28227 | D:13     | Bought a smoking plate armour for 980 gold pieces
 28227 | D:13     | Identified the +1 plate armour of a Labyrinth {Dex+3} (You
                  | bought it in a shop on level 13 of the Dungeon)
 28228 | D:13     | Bought a pair of glowing gloves for 262 gold pieces
 29045 | Snake:1  | Entered Level 1 of the Snake Pit
 29048 | Lair:2   | Upgraded the game from 0.30-a0-691-g754fce4c43 to
                  | 0.30-a0-694-g3340775977
 29198 | Elf:1    | Entered Level 1 of the Elven Halls
 29415 | Depths:1 | Entered Level 1 of the Depths
 29573 | Depths:1 | Noticed a caustic shrike
 29575 | Depths:1 | Noticed a caustic shrike
 29578 | Depths:1 | Noticed a caustic shrike
 29598 | Depths:1 | Killed a caustic shrike
 30558 | Snake:1  | Found Eseishre's Overcharged Wands.
 31042 | Snake:2  | Noticed Aizul
 31051 | Snake:2  | Killed Aizul
 31816 | Snake:2  | Reached XP level 17. HP: 157/157 MP: 9/12
 32362 | Snake:2  | Found Quom Nou's Jewellery Shop.
 32363 | Snake:2  | Found Yffail's Book Emporium.
 32364 | Snake:2  | Found Cuohavec's Jewellery Shop.
 34115 | Snake:2  | Bought the ring "Dukeeq" {rPois Slay+4} for 1694 gold
                  | pieces
 34159 | Snake:4  | Entered Level 4 of the Snake Pit
 34393 | Snake:4  | Noticed Vashnia
 34406 | Snake:4  | Killed Vashnia
 34519 | Snake:4  | Noticed Saint Roka
 34543 | Snake:4  | Killed Saint Roka
 34928 | Snake:4  | Identified the +12 dagger of the Globe {heavy, *Noise rElec
                  | Will+++ Dex+2}
 35367 | Snake:4  | Reached XP level 18. HP: 115/168 MP: 0/13
 35820 | Snake:4  | Got a serpentine rune of Zot
 36886 | D:12     | Bought the +1 cloak "Maidaej" {Fly Int+3} for 398 gold
                  | pieces
 37031 | D:13     | Bought a pair of glowing gloves for 262 gold pieces
 37292 | Elf:1    | Got the Dissertation on Phantasms
 37413 | Elf:1    | Noticed Frances
 37423 | Elf:1    | Killed Frances
 37509 | Elf:1    | Found a runed translucent door.
 37518 | Elf:1    | Found a hide-covered altar of Uskayaw.
 38245 | Elf:2    | Paralysed by an air elemental for 1 turns
 38573 | Elf:2    | Got the Incunable of the Tesseract
 38695 | Elf:2    | Got the Dissertation on Contaminants
 38884 | Elf:2    | Noticed a bone dragon
 38895 | Elf:2    | Killed a bone dragon
 39032 | Elf:2    | Got the Monograph on the Graveyard
 39143 | Elf:2    | Found a runed translucent gate.
 39143 | Elf:2    | Found a runed translucent gate.
 39146 | Elf:2    | Found a runed translucent gate.
 39260 | Elf:2    | Reached XP level 19. HP: 150/176 MP: 14/14
 39301 | Elf:2    | Got the Codex of the Wary Lives
 40612 | Swamp:1  | Entered Level 1 of the Swamp
 42910 | Swamp:4  | Entered Level 4 of the Swamp
 43017 | Swamp:4  | Noticed Roxanne
 43035 | Swamp:4  | Killed Roxanne
 43182 | Swamp:4  | Got the Catalogue of Reanimation Made Easy
 43446 | Swamp:4  | Reached XP level 20. HP: 157/189 MP: 15/15
 43560 | Swamp:4  | Found a basalt altar of Yredelemnul.
 43605 | Swamp:4  | Found a blossoming altar of Fedhas.
 44005 | Swamp:4  | Found a runed translucent gate.
 44006 | Swamp:4  | Found a runed translucent gate.
 44006 | Swamp:4  | Noticed LetschGu's ghost (adept MiHu)
 44007 | Swamp:4  | Found a runed translucent gate.
 44371 | Swamp:4  | Killed LetschGu's ghost
 44763 | Swamp:4  | Got a decaying rune of Zot
 44768 | Swamp:4  | Bought a crude plate armour for 1036 gold pieces
 44768 | Swamp:4  | Identified the +5 plate armour "Netuado" {Fly Str+3 SInv}
                  | (You bought it in a shop on level 4 of the Swamp)
 44768 | Swamp:4  | Bought a twisted cloak for 351 gold pieces
 44768 | Swamp:4  | Identified the +1 cloak of Beogh's Reproof {Will- Dex+3
                  | Slay+2} (You bought it in a shop on level 4 of the Swamp)
 45085 | Vaults:1 | Entered Level 1 of the Vaults
 46120 | Vaults:1 | Found Etoih's Weapon Boutique.
 47016 | Vaults:2 | Noticed Mara
 47028 | Vaults:2 | Killed Mara
 47554 | Vaults:3 | Identified the +9 hand axe of Okawaru, Stopping {drain,
                  | Str+7}
 47797 | Vaults:3 | Found a staircase to the Crypt.
 47990 | Vaults:3 | Found Ipteref's Weapon Shop.
 48064 | Vaults:3 | Reached XP level 21. HP: 198/198 MP: 15/15
 48288 | Vaults:3 | Found a white marble altar of Elyvilon.
 48288 | Vaults:3 | Found a glowing golden altar of the Shining One.
 48290 | Vaults:3 | Found a glowing silver altar of Zin.
 50657 | Vaults:4 | Acquired 683 gold pieces
 50662 | Vaults:4 | Bought a potion of heal wounds for 65 gold pieces
 50662 | Vaults:4 | Bought a scroll of enchant armour for 97 gold pieces
 50869 | Depths:1 | Killed a caustic shrike
 50884 | Depths:1 | Killed a caustic shrike
 51031 | Depths:1 | Reached skill level 27 in Axes
 51100 | Depths:1 | Found a hazy altar of Hepliaklqana.
 51146 | Depths:1 | Found a one-way gate to the infinite horrors of the Abyss.
 51148 | Depths:1 | Found a one-way gate leading to the halls of Pandemonium.
 51243 | Depths:1 | Noticed the Enchantress
 51261 | Depths:1 | Killed the Enchantress
 51429 | Depths:1 | Found a gateway to Hell.
 51729 | Depths:1 | Identified the +1 plate armour of the Original Sin {rPois
                  | Str+4}
 52289 | Depths:2 | Noticed Asterion
 52300 | Depths:2 | Killed Asterion
 52510 | Depths:2 | Reached XP level 22. HP: 202/209 MP: 16/16
 52945 | Depths:2 | Found Sulu's Armour Shoppe.
 52951 | Depths:2 | Bought the +1 cloak of Starlight {*Dazzle EV+4 Stlth--} for
                  | 457 gold pieces
 52951 | Depths:2 | Found the +1 cloak of Starlight {*Dazzle EV+4 Stlth--}
 53247 | Depths:2 | Found a glowing golden altar of the Shining One.
 53322 | Depths:3 | Noticed Louise
 53347 | Depths:3 | Killed Louise
 53470 | Depths:3 | Noticed a juggernaut
 53482 | Depths:3 | Killed a juggernaut
 54259 | Depths:4 | Entered Level 4 of the Depths
 54283 | Depths:4 | Found a one-way gateway to a ziggurat.
 54283 | Depths:4 | Noticed a caustic shrike
 54283 | Depths:4 | Noticed a caustic shrike
 54297 | Depths:4 | Killed a caustic shrike
 54300 | Depths:4 | Noticed a caustic shrike
 54300 | Depths:4 | Noticed a caustic shrike
 54301 | Depths:4 | Noticed a caustic shrike
 54307 | Depths:4 | Killed a caustic shrike
 54311 | Depths:4 | Killed a caustic shrike
 54316 | Depths:4 | Killed a caustic shrike
 54338 | Depths:4 | Killed a caustic shrike
 55733 | Depths:4 | Found a gate to the Realm of Zot.
 56068 | Depths:4 | Noticed a golden dragon
 56084 | Depths:4 | Killed a golden dragon
 56130 | Depths:4 | Found Big Baal Hell's Store.
 56522 | Depths:4 | Found a glowing silver altar of Zin.
 57003 | Elf:3    | Entered Level 3 of the Elven Halls
 58134 | Elf:3    | Reached XP level 23. HP: 209/220 MP: 17/17
 58243 | Elf:3    | Identified the ring of the Painted God {rC- rN+ Will+ rCorr
                  | Int+8}
 58354 | Elf:3    | Identified the +9 dagger of Detaqen {heavy, Fly}
 58450 | Elf:3    | Identified the ring "Humu" {MP+9 Str+2}
 58506 | Elf:3    | Identified the +1 executioner's axe of the Beast {vamp,
                  | Contam Int+6}
 58540 | Elf:3    | Identified the amulet "Udoz" {Faith Harm Will- Slay+2}
 58551 | Elf:3    | Identified the +6 quarterstaff "Killer Klown's Peril"
                  | {holy, rF++ Str+3 Int-3}
 58569 | Elf:3    | Identified the +9 morningstar "Durezoe" {elec, Fly rN+
                  | Int+3}
 58860 | Slime:1  | Entered Level 1 of the Pits of Slime
 59029 | Slime:1  | Gained mutation: You sometimes lose your temper in combat.
                  | [a shining eye]
 59032 | Slime:1  | Gained mutation: You occasionally lose the ability to read
                  | scrolls when taking damage. [a shining eye]
 59801 | Slime:4  | Noticed Dissolution
 59810 | Slime:4  | Paralysed by a floating eye for 3 turns
 59911 | Slime:3  | Bought a scroll of enchant armour for 127 gold pieces
 59911 | Slime:3  | Bought a scroll of enchant weapon for 127 gold pieces
 59917 | Slime:3  | Upgraded the game from 0.30-a0-694-g3340775977 to
                  | 0.30-a0-702-gdf48620a09
 59930 | Slime:3  | Killed Dissolution
 60152 | Slime:3  | Bought a scroll of brand weapon for 161 gold pieces
 60189 | Slime:4  | Lost mutation: Your muscles are strong. (Str +4, Int/Dex
                  | -1) [a shining eye]
 61098 | Slime:5  | Entered Level 5 of the Pits of Slime
 61337 | Slime:5  | Reached skill level 27 in Armour
 61513 | Slime:5  | Noticed the Royal Jelly
 63136 | Slime:5  | Lost intelligence.
 63756 | Slime:4  | Lost mutation: You sometimes lose your temper in combat.
                  | [potion of mutation]
 63756 | Slime:4  | Lost mutation: You are somewhat resistant to further
                  | mutation. [potion of mutation]
 63756 | Slime:4  | Lost mutation: Your magical capacity is very low. (-20% MP)
                  | [potion of mutation]
 63756 | Slime:4  | Gained mutation: You sometimes lose your temper in combat.
                  | [potion of mutation]
 63756 | Slime:4  | Gained mutation: You are partially covered in iridescent
                  | scales. (AC +2) [potion of mutation]
 63756 | Slime:4  | Gained mutation: Your muscles are strong. (Str +4, Int/Dex
                  | -1) [potion of mutation]
 63976 | Slime:4  | Lost mutation: You sometimes lose your temper in combat.
                  | [potion of mutation]
 63976 | Slime:4  | Lost mutation: You occasionally lose the ability to read
                  | scrolls when taking damage. [potion of mutation]
 63976 | Slime:4  | Lost mutation: You are partially covered in iridescent
                  | scales. (AC +2) [potion of mutation]
 63976 | Slime:4  | Gained mutation: You occasionally lose the ability to drink
                  | potions when taking damage. [potion of mutation]
 63976 | Slime:4  | Gained mutation: Your mind is acute. (Int +4, Str/Dex -1)
                  | [potion of mutation]
 63976 | Slime:4  | Gained mutation: Your natural rate of healing is unusually
                  | fast. [potion of mutation]
 63977 | Slime:4  | Lost mutation: Your mind is acute. (Int +4, Str/Dex -1)
                  | [potion of mutation]
 63977 | Slime:4  | Lost mutation: Your magical capacity is low. (-10% MP)
                  | [potion of mutation]
 63977 | Slime:4  | Gained mutation: You have sharp fingernails. [potion of
                  | mutation]
 63977 | Slime:4  | Gained mutation: You possess an exceptional clarity of
                  | mind. [potion of mutation]
 63978 | Slime:4  | Lost mutation: You possess an exceptional clarity of mind.
                  | [potion of mutation]
 63978 | Slime:4  | Lost mutation: Your muscles are strong. (Str +4, Int/Dex
                  | -1) [potion of mutation]
 63978 | Slime:4  | Gained mutation: You sometimes lose the ability to drink
                  | potions when taking damage. [potion of mutation]
 63978 | Slime:4  | Gained mutation: You are weak. (Str -2) [potion of
                  | mutation]
 63979 | Slime:4  | Lost mutation: You have sharp fingernails. [potion of
                  | mutation]
 63979 | Slime:4  | Lost mutation: You sometimes lose the ability to drink
                  | potions when taking damage. [potion of mutation]
 63979 | Slime:4  | Lost mutation: Your natural rate of healing is unusually
                  | fast. [potion of mutation]
 63979 | Slime:4  | Gained mutation: Your natural rate of healing is unusually
                  | fast. [potion of mutation]
 63979 | Slime:4  | Gained mutation: You have large cloven feet. [potion of
                  | mutation]
 63979 | Slime:4  | Lost mutation: You are weak. (Str -2) [potion of mutation]
 63980 | Slime:4  | Lost mutation: You have large cloven feet. [potion of
                  | mutation]
 63980 | Slime:4  | Lost mutation: You occasionally lose the ability to drink
                  | potions when taking damage. [potion of mutation]
 63980 | Slime:4  | Gained mutation: Armour fits poorly on your strangely
                  | shaped body. [potion of mutation]
 63980 | Slime:4  | Gained mutation: Your muscles are strong. (Str +4, Int/Dex
                  | -1) [potion of mutation]
 63981 | Slime:4  | Lost mutation: Armour fits poorly on your strangely shaped
                  | body. [potion of mutation]
 63981 | Slime:4  | Lost mutation: Your natural rate of healing is unusually
                  | fast. [potion of mutation]
 63981 | Slime:4  | Gained mutation: You possess an exceptional clarity of
                  | mind. [potion of mutation]
 63981 | Slime:4  | Gained mutation: You expend magic power (3 MP) to
                  | strengthen your wands. [potion of mutation]
 63981 | Slime:4  | Gained mutation: You have sharp toenails. [potion of
                  | mutation]
 64516 | Depths:1 | Voluntarily entered the Abyss.
 64718 | Abyss:1  | Paralysed by accursed screaming for 2 turns
 64725 | Abyss:1  | Paralysed by accursed screaming for 1 turns
 64776 | Abyss:1  | Paralysed by accursed screaming for 2 turns
 64780 | Abyss:1  | Paralysed by accursed screaming for 2 turns
 64799 | Abyss:1  | Gained mutation: Your magical capacity is low. (-10% MP) [a
                  | neqoxec]
 64834 | Depths:1 | Escaped the Abyss
 65430 | Slime:5  | Found a viscous altar of Jiyva.
 65438 | Slime:5  | Found the amulet of the Four Winds {rN+ Will+++ Clar}
 65472 | Slime:5  | Killed the Royal Jelly
 65633 | Slime:5  | Identified the +1 pair of boots of Daisies {Str+3 Dex+5}
 65635 | Slime:5  | Identified the +1 battleaxe of Conformity {holy, rF+ rC++}
 65702 | Slime:5  | Identified the +1 leather armour of the Armoured One
                  | {Regen+ rCorr}
 65718 | Slime:5  | Identified the +1 chain mail "Lahotsurr" {rC+ Dex+2 SInv}
 65774 | Slime:5  | Identified the +0 pair of boots of the Game of Kings {Will+
                  | Str+4 Int+3}
 65778 | Slime:5  | Got a slimy rune of Zot
 66482 | Vaults:5 | Entered Level 5 of the Vaults
 66496 | Vaults:4 | Reached skill level 27 in Shields
 66931 | Vaults:5 | Noticed Jory
 67160 | Vaults:4 | Reached XP level 24. HP: 232/235 MP: 19/19
 67165 | Vaults:5 | Identified the +4 sling "Eghuicas" {freeze, rElec rC+ rN+
                  | Str+3}
 67332 | Vaults:4 | Killed Jory
 67863 | Vaults:5 | Identified the +3 morningstar "Hetaim" {flame, Fragile
                  | rPois Int+6 Dex+2}
 67863 | Vaults:5 | Identified the +1 robe of the Dungeon {rF+}
 67915 | Vaults:5 | Noticed a dread lich
 67934 | Vaults:5 | Killed a dread lich
 68200 | Vaults:5 | Identified the +3 dagger of Turmoil {flame, Contam rF+
                  | Dex+4}
 68200 | Vaults:5 | Identified the ring of Biwutib {rN++ Will+ Dex+3}
 68514 | Vaults:5 | Identified the +10 plate armour "Xehydo" {Drain Dex+3
                  | Slay+2}
 69059 | Vaults:5 | Identified the ring of Hukeg {Ice Fly}
 69139 | Vaults:5 | Got a silver rune of Zot
 69317 | Vaults:5 | Found the +11 Singing Sword {sonic wave}
 69509 | Crypt:1  | Entered Level 1 of the Crypt
 69512 | Crypt:1  | Noticed Boris
 69529 | Crypt:1  | Killed Boris
 70109 | Crypt:1  | Noticed Zenata
 70120 | Crypt:1  | Killed Zenata
 70384 | Crypt:2  | Acquired 257 gold pieces
 70388 | Crypt:2  | Noticed Boris
 70395 | Crypt:2  | Killed Boris
 70396 | Crypt:2  | Reached skill level 1 in Dodging
 71197 | Crypt:2  | Noticed Donald
 71208 | Crypt:2  | Killed Donald
 71467 | Crypt:2  | Reached skill level 5 in Dodging
 71535 | Crypt:3  | Entered Level 3 of the Crypt
 71606 | Crypt:3  | Noticed Ruisamic's ghost (veteran MiBe)
 72128 | Crypt:3  | Found a staircase to the Tomb.
 72241 | Crypt:3  | Found a runed translucent door.
 72336 | Crypt:3  | Reached skill level 27 in Fighting
 72514 | Crypt:3  | Reached XP level 25. HP: 257/257 MP: 19/19
 72593 | Crypt:3  | Noticed an ancient lich
 72601 | Crypt:3  | Identified the +7 scale mail of Joebocrya {rC+ Dex+2}
 72603 | Crypt:3  | Identified the amulet "Lootuf" {Regen+ rCorr Str+2 Stlth-}
 72617 | Crypt:3  | Killed an ancient lich
 72841 | Crypt:3  | Killed Ruisamic's ghost
 72933 | Crypt:3  | Identified the +0 hat of Skepticism {rPois}
 72964 | Crypt:3  | Bought a potion of berserk rage for 135 gold pieces
 73294 | Zot:1    | Entered Level 1 of the Realm of Zot
 73697 | Zot:1    | Reached skill level 10 in Dodging
 74330 | Zot:2    | Noticed a dread lich
 74353 | Zot:2    | Noticed Sisiakhle's ghost (legendary KoDe)
 74453 | Zot:2    | Noticed an orb of fire
 74473 | Zot:2    | Killed an orb of fire
 74733 | Zot:2    | Found a transporter.
 74831 | Zot:2    | Found a transporter.
 75043 | Zot:2    | Killed Sisiakhle's ghost
 75046 | Zot:2    | Killed a dread lich
 75121 | Zot:2    | Identified the +1 pair of boots of Elyvilon's Fury {rF+
                  | Will++}
 75248 | Zot:3    | Reached skill level 15 in Dodging
 75250 | Zot:3    | Noticed a Killer Klown
 75259 | Zot:3    | Killed a Killer Klown
 75730 | Zot:3    | Noticed a Killer Klown
 75730 | Zot:3    | Noticed a Killer Klown
 75764 | Zot:3    | Killed a Killer Klown
 75769 | Zot:3    | Killed a Killer Klown
 76076 | Zot:4    | Reached XP level 26. HP: 252/266 MP: 19/19
 77419 | Zot:5    | Entered Level 5 of the Realm of Zot
 77866 | Zot:5    | Noticed an orb of fire
 77878 | Zot:5    | Gained mutation: You occasionally lose the ability to read
                  | scrolls when taking damage. [an orb of fire]
 77881 | Zot:5    | Noticed an orb of fire
 77883 | Zot:5    | HP: 11/266 [orb of fire/fireball (42)]
 77883 | Zot:5    | Noticed an orb of fire
 77885 | Zot:4    | Gained mutation: You have hidden genetic defects. [an orb
                  | of fire]
 77899 | Zot:4    | Killed an orb of fire
 78150 | Zot:5    | Noticed a dread lich
 78191 | Zot:5    | Noticed an ancient lich
 78197 | Zot:5    | Killed an ancient lich
 78203 | Zot:5    | Noticed a dread lich
 78217 | Zot:5    | Killed a dread lich
 78218 | Zot:5    | Noticed an ancient lich
 78227 | Zot:5    | Killed a dread lich
 78239 | Zot:5    | Killed an ancient lich
 78280 | Zot:5    | Noticed an ancient lich
 78292 | Zot:5    | Gained mutation: You occasionally lose the ability to drink
                  | potions when taking damage. [an orb of fire]
 78296 | Zot:5    | Gained mutation: You sometimes lose the ability to read
                  | scrolls when taking damage. [an orb of fire]
 78298 | Zot:5    | Killed an orb of fire
 78298 | Zot:5    | Gained mutation: You have terrible hidden genetic defects.
                  | [hidden defects]
 78303 | Zot:5    | Killed an ancient lich
 78451 | Zot:4    | Lost mutation: You have sharp toenails. [potion of
                  | mutation]
 78451 | Zot:4    | Lost mutation: You possess an exceptional clarity of mind.
                  | [potion of mutation]
 78451 | Zot:4    | Gained mutation: You sometimes lose the ability to drink
                  | potions when taking damage. [potion of mutation]
 78451 | Zot:4    | Lost mutation: You sometimes lose the ability to drink
                  | potions when taking damage. [potion of mutation]
 78451 | Zot:4    | Lost mutation: You have terrible hidden genetic defects.
                  | [potion of mutation]
 78451 | Zot:4    | Lost mutation: You have hidden genetic defects. [potion of
                  | mutation]
 78452 | Zot:4    | Lost mutation: You occasionally lose the ability to drink
                  | potions when taking damage. [potion of mutation]
 78452 | Zot:4    | Lost mutation: You expend magic power (3 MP) to strengthen
                  | your wands. [potion of mutation]
 78452 | Zot:4    | Lost mutation: Your muscles are strong. (Str +4, Int/Dex
                  | -1) [potion of mutation]
 78452 | Zot:4    | Gained mutation: You are covered in fur. (AC +1) [potion of
                  | mutation]
 78453 | Zot:4    | Lost mutation: You sometimes lose the ability to read
                  | scrolls when taking damage. [potion of mutation]
 78453 | Zot:4    | Lost mutation: You are covered in fur. (AC +1) [potion of
                  | mutation]
 78453 | Zot:4    | Gained mutation: Your body sometimes deteriorates upon
                  | taking damage. [potion of mutation]
 78453 | Zot:4    | Gained mutation: You are strong-willed. (Will+) [potion of
                  | mutation]
 78454 | Zot:4    | Lost mutation: Your magical capacity is low. (-10% MP)
                  | [potion of mutation]
 78454 | Zot:4    | Lost mutation: Your body sometimes deteriorates upon taking
                  | damage. [potion of mutation]
 78454 | Zot:4    | Lost mutation: You are strong-willed. (Will+) [potion of
                  | mutation]
 78454 | Zot:4    | Gained mutation: Your spells are a little harder to cast,
                  | but a little more powerful. [potion of mutation]
 78454 | Zot:4    | Gained mutation: You are partially covered in iridescent
                  | scales. (AC +2) [potion of mutation]
 78454 | Zot:4    | Gained mutation: You possess an exceptional clarity of
                  | mind. [potion of mutation]
 78454 | Zot:4    | Gained mutation: You are mostly covered in iridescent
                  | scales. (AC +4) [potion of mutation]
 78919 | Zot:5    | Identified the +3 ring mail "Tapiyt" {rN+++ Will+}
 79184 | Zot:5    | Got the Orb of Zot
 79433 | Zot:1    | Noticed Iromutt the pandemonium lord
 79433 | Zot:1    | Noticed an ancient lich
 79443 | Zot:1    | Killed an ancient lich
 79517 | Zot:1    | Killed Iromutt the pandemonium lord
 79518 | Zot:1    | Reached XP level 27. HP: 199/273 MP: 22/22
 79703 | Depths:4 | Bought 2 scrolls of enchant armour for 180 gold pieces
 79703 | Depths:4 | Bought a scroll of acquirement for 624 gold pieces
 79703 | Depths:4 | Acquired 846 gold pieces
 80067 | Depths:2 | Noticed Efaruent the pandemonium lord
 80081 | Depths:2 | Killed Efaruent the pandemonium lord
 80166 | Pan      | Entered the realm of Gloorx Vloq.
 80166 | Pan      | Entered Pandemonium
 80736 | Pan      | Noticed a seraph
 80751 | Pan      | Killed a seraph
 80755 | Pan      | Noticed a seraph
 80767 | Pan      | Killed a seraph
 80925 | Pan      | Noticed Ythriph the pandemonium lord
 80933 | Pan      | Killed Ythriph the pandemonium lord
 81544 | Pan      | Noticed Vanaf the pandemonium lord
 81558 | Pan      | Noticed Gloorx Vloq
 81560 | Pan      | Engulfed by Vanaf the pandemonium lord's freezing vapour

Illustrated notes

Levels and vault maps discovered:
D:1:      lordsloth_arrival_two_stooges, layout_loops_ring, minivault_11,
          minmay_liquid_box
D:2:      layout_loops_ring, shapermc_ecumenical_altar_petra,
          kennysheep_jessica_study
D:3:      layout_loops_cross, pdpol_temple_overflow_zin_treasury_gozag_greed
D:4:      layout_loops_ring, trog_book, old_standard_altar,
          mainiacjoe_overflow_24_doors, minmay_unequal, uniq_blork_the_orc,
          uniq_duvessa
D:5:      layout_basic
D:6:      layout_basic, marbit_many_paths, mainiacjoe_overflow_alcove_2,
          chequers_serial_rivers_micro_c, uniq_prince_ribbit1
D:7:      minmay_slanted_spiral_squares, layout_basic, fedhas_altar_3,
          minmay_temple_entry_tees, kennysheep_dice
D:8:      nzn_winding_woodlands_stair_cross
          [nzn_winding_woodlands_5x15_longhouse,
          nzn_winding_woodlands_center_garden,
          nzn_winding_woodlands_5x15_pockets,
          nzn_winding_woodlands_5x5_closed_star,
          nzn_winding_woodlands_5x5_checkerboard,
          nzn_winding_woodlands_5x15_pool,
          nzn_winding_woodlands_center_pierced_h,
          nzn_winding_woodlands_5x15_cabin], layout_loops_ring,
          regret_index_temple_of_mockery, nicolae_lava_and_water,
          minmay_small_thing, uniq_erica, uniq_maggie
D:9:      layout_big_octagon
D:10:     gammafunk_cloud_chamber, layout_loops_cross, lemuel_crystal_altar,
          hangedman_decor_push, grunt_ministairs_12, minmay_protected_statue
D:11:     minmay_the_grid_triangle_9x9_line_8_mashed
          [minmay_the_grid_triangle_9x9_odd_lines,
          minmay_the_grid_triangle_9x9_flanged_cone,
          minmay_the_grid_triangle_9x9_cache,
          minmay_the_grid_triangle_9x9_shrine,
          minmay_the_grid_triangle_9x9_warning,
          minmay_the_grid_triangle_9x9_skeleton,
          minmay_the_grid_triangle_9x9_subtriangle,
          minmay_the_grid_triangle_9x9_prize_special], layout_basic,
          nooodl_orcs_dogs
D:12:     layout_basic, gauntlet_entry_generic
D:13:     minmay_dotted_concentric_squares, layout_basic,
          lightli_vaults_fourway_checkpoint,
          nicolae_ru_great_annihilating_truth, uniq_maurice, uniq_urug,
          uniq_erolcha, uniq_jorgrun
D:14:     layout_small_grid, portal_ice_cave_entry_pillars_2,
          kiku_gazebo_garden_becter
D:15:     gammafunk_depths_entry_grave, layout_irregular_city, uniq_josephine
Lair:1:   minmay_lair_oklob_chamber, layout_cave_pods,
          nicolae_volcano_entry_hallway, guppyfry_lair_drakes
Lair:2:   layout_small_grid, nicolae_swamp_entry_splash_gauntlet,
          nicolae_snake_entry_squirm, beast_lair_carwin_1
Lair:3:   layout_hall_layers
Lair:4:   layout_cave_pods, nicolae_slime_entry_field_trip, disabler_island,
          infiniplex_staircase_pool, uniq_rupert
Lair:5:   cheibrodos_lair_end_hotspot, layout_gridlike, serial_bayou_pond_c,
          dpeg_oklob_1
Swamp:1:  layout_basic_swamp, nicolae_swamp_very_dense_foliage
Swamp:2:  layout_falls_marsh, evilmike_swamp_ruin_rubble_1,
          nicolae_swamp_spooky_pond, infiniplex_staircase_pool_2
Swamp:3:  layout_basic_swamp, evilmike_swamp_ruin_house_1, swamp_pool4
Swamp:4:  byrel_swamp_growth_death_and_undeath, layout_basic_swamp,
          gammafunk_ghost_hydra_chop, nicolae_swamp_necromancy_gone_wrong,
          uniq_roxanne
Snake:1:  layout_gridlike, nicolae_shop_overcharged_wands
Snake:2:  layout_onion, lemuel_fruit_tree, minmay_shop_grove,
          grunt_megastairs_3, uniq_aizul
Snake:3:  layout_rooms
Snake:4:  hellmonk_snake_rune_quicksilver_temple, layout_onion_interference,
          drop_trap, uniq_vashnia, uniq_saint_roka
Slime:1:  layout_caves
Slime:2:  layout_caves, cheibrodos_slime_lost_civilization_4
Slime:3:  layout_caves
Slime:4:  nicolae_slime_pool, layout_caves, uniq_dissolution
Slime:5
Orc:1:    layout_caves, nicolae_shop_clearance
Orc:2:    st_orc_rangers, layout_diamond_mine, serial_shops, shop,
          statue_in_the_mist_lemuel
Elf:1:    layout_loops_corners, minmay_elf_demonology, nicolae_danse_macabre,
          uniq_frances
Elf:2:    nicolae_elf_blades_splatter_lattice [nicolae_blade_entry_antechamber],
          layout_loops_cross, serial_hangedman_research,
          hangedman_research_probablistics, hangedman_research_quantum,
          hangedman_research_thanatology, hangedman_research_toxicology
Elf:3:    minmay_elf_hall, layout_geoelf_castle
Vaults:1: mu_enter_wizlab_6, nicolae_vaults_network_star, v_misc_25,
          v_pattern_3, v_misc_12, vaults_room_corners, v_misc_33,
          ontoclasm_vaults_pinch, nicolae_vaults_murderbox,
          layout_vaults_big_room, serial_shops,
          nicolae_shop_bloodbath_and_beyond
Vaults:2: nicolae_vaults_diagonal_hallway_6, ontoclasm_vaults_chip,
          layout_vaults_omnigrid, uniq_margery, uniq_mara
Vaults:3: portal_desolation_entry_holy_temple, v_alt_pattern_5,
          nicolae_vaults_windows_and_doors_thing, vaults_room_pools, v_misc_2,
          v_alt_pattern_1, v_rooms_5, nicolae_vaults_network_square,
          minmay_crypt_entry_simple_walls, nicolae_vaults_yaktaur_gun_rack,
          hangedman_vaults_stretched_pinwheel, vaults_room_hallway,
          nicolae_vaults_little_ls, vaults_mumra_lcd, layout_vaults_ring,
          serial_shops, nicolae_diamond_shop
Vaults:4: v_misc_13, ontoclasm_vaults_ligature, hangedman_vaults_pinch,
          grunt_vaults_hallway_short, grunt_vaults_hallway_short,
          nicolae_vaults_triangles, ontoclasm_vaults_spin, grunt_vaults_focal,
          vaults_room_hallway, hangedman_vaults_restitches,
          vaults_mumra_hexcomb, nicolae_vaults_big_ls,
          ontoclasm_vaults_ring_small, layout_vaults_big_cross
Vaults:5: uniq_jory
Crypt:1:  layout_misc_corridors, uniq_boris, uniq_zenata
Crypt:2:  layout_chaotic_city, minivault_19, uniq_donald
Crypt:3:  david_glass_crypt, layout_gridlike, hellmonk_ghost_big_iron
Depths:1: hellmonk_ruined_rings, layout_basic, nicolae_hepliaklqana_hazy_memory,
          rand_demon_pan_entry_3, grunt_hell_entry_dis_old, abyss_entry,
          minmay_orc_keep, uniq_enchantress
Depths:2: kennysheep_ogre_elephant_herders, layout_honeycomb,
          rand_demon_pan_entry_7, tso_altar, serial_shops, shop, hell_entry,
          abyss_entry, infiniplex_staircase_trident, uniq_asterion
Depths:3: minmay_triangles_in_corner, layout_cave_pools,
          nicolae_abyss_entry_one_way_or_another, hell_entry
Depths:4: grunt_crosshair, layout_gridlike, enter_ziggurat_d,
          nicolae_hell_entry_big_baal_hell, lemuel_round_altar,
          serial_bayou_shore_b
Zot:1:    layout_gridlike
Zot:2:    layout_misc_corridors, gammafunk_ghost_mausoleum, grunt_megastairs_4
Zot:3:    grunt_zot_stairs_faceoff, layout_onion
Zot:4:    evilmike_crystal_ball_defense, layout_cathedral_of_symmetry
Zot:5:    layout_misc_corridors, grunt_ministairs_3, skrybe_zot_glass_3
Pan:      gloorx_vloq_grunt, layout_small_grid, nicolae_pan_sigil_eeng,
          nicolae_pan_sick_transit

Skill      XL: |  1  2  3  4  5  6  7  8  9 10 11 12 13 14 15 16 17 18 19 20 21 22 23 24 25 26 27 |
---------------+----------------------------------------------------------------------------------+-----
Armour         | 4 5 6 7 8 10 12 14 15 17 18 20 21 22 23 24 26 27 | 27.0
Axes           | 3 4 5 6 8 10 12 13 15 16 18 19 21 22 23 25 26 27 | 27.0
Shields        | 4 5 6 7 9 10 11 12 13 14 15 17 19 20 22 23 25 27 | 27.0
Fighting       | 4 5 6 7 9 10 11 12 13 14 15 16 17 18 19 20 21 23 27 | 27.0
Dodging        | 6 17 23 26 | 26.1

Action                   |  1- 3 |  4- 6 |  7- 9 | 10-12 | 13-15 | 16-18 | 19-21 | 22-24 | 25-27 || total
-------------------------+-------+-------+-------+-------+-------+-------+-------+-------+-------++-------
Melee: War axe           |    91 |    91 |   224 |   398 |   237 |       |       |       |       ||  1041
       Headbutt          |    10 |    17 |    45 |    71 |   222 |   215 |   358 |   544 |   446 ||  1928
       Broad axe         |       |       |       |       |   624 |   913 |   655 |       |       ||  2192
       Hand axe          |       |       |       |       |       |       |   539 |  1597 |  1221 ||  3357
       Unarmed           |       |       |       |       |       |       |       |       |    23 ||    23
Throw: Javelin           |       |       |       |       |       |       |       |     1 |     1 ||     2
Invok: Call Merchant     |       |       |       |     1 |     4 |     1 |     3 |     2 |     2 ||    13
       Potion Petition   |       |       |       |       |       |       |       |     2 |     5 ||     7
Evoke: Wand              |       |       |       |     1 |     1 |       |       |     1 |     1 ||     4
  Use: Scroll            |       |       |     7 |    20 |    17 |    13 |     7 |    13 |     5 ||    82
       Potion            |       |       |       |    18 |     6 |    14 |    10 |    19 |    21 ||    88
 Stab: Distracted        |       |     1 |     1 |     1 |     9 |     3 |     7 |     8 |    11 ||    41
       Petrified         |       |       |       |       |     1 |       |       |       |       ||     1
       Paralysed         |       |       |       |       |     1 |       |       |       |       ||     1
       Invisible         |       |       |       |       |       |       |       |     3 |    11 ||    14
Armor: Scale mail        |    38 |    29 |       |       |       |       |       |       |       ||    67
       Fire dragon scale |       |     6 |    92 |   134 |       |       |       |       |       ||   232
       Plate armour      |       |       |       |   226 |   354 |   288 |   362 |   553 |   263 ||  2046
       Skin              |       |       |       |       |       |       |       |    12 |     2 ||    14
Dodge: Dodged            |    36 |    41 |    76 |   176 |   196 |   112 |   147 |   349 |   391 ||  1524
Block: Buckler           |    44 |    56 |   132 |   305 |   400 |    68 |       |       |       ||  1005
       Reflection        |     2 |     1 |     6 |    22 |    73 |    79 |    73 |    92 |    16 ||   364
       Kite shield       |       |       |       |       |       |   170 |       |       |       ||   170
       Tower shield      |       |       |       |       |       |   368 |   896 |  1571 |  1003 ||  3838

Table legend: (Time is in decaauts)
 A = Elapsed time spent in this place.
 B = Non-inter-level travel time spent in this place.
 C = Inter-level travel time spent in this place.
 D = Time resting spent in this place.
 E = Time spent auto-exploring this place.
 F = Levels seen in this place.
 G = Mean time per level.
                   A        B        C        D        E       F      G
               +--------+--------+--------+--------+--------+-----+--------+
         Total |  81691 |  74969 |   6722 |   1681 |  56528 |  59 | 1384.6 |
       Dungeon |  20976 |  17606 |   3370 |    638 |  13706 |  15 | 1398.4 |
          Lair |   7588 |   6661 |    927 |     58 |   5336 |   5 | 1517.6 |
         Swamp |   4179 |   3952 |    227 |    385 |   2653 |   4 | 1044.8 |
     Snake Pit |   6390 |   6188 |    202 |      0 |   4874 |   4 | 1597.5 |
    Slime Pits |   6846 |   6574 |    272 |    345 |   4730 |   5 | 1369.2 |
  Orcish Mines |   2335 |   2149 |    186 |      0 |   1601 |   2 | 1167.5 |
   Elven Halls |   5143 |   4751 |    392 |      0 |   3033 |   3 | 1714.3 |
        Vaults |   8766 |   8085 |    681 |     24 |   6501 |   5 | 1753.2 |
         Crypt |   3357 |   3247 |    110 |      0 |   2730 |   3 | 1119.0 |
        Depths |   6752 |   6486 |    266 |    219 |   5056 |   4 | 1688.0 |
           Zot |   6057 |   5972 |     85 |     11 |   4153 |   5 | 1211.4 |
         Abyss |    410 |    410 |      0 |      0 |    133 |   1 |  410.0 |
   Pandemonium |   1290 |   1290 |      0 |      0 |    858 |   1 | 1290.0 |
      Ice Cave |   1256 |   1256 |      0 |      0 |    906 |   1 | 1256.0 |
       Volcano |    340 |    340 |      0 |      0 |    254 |   1 |  340.0 |
               +--------+--------+--------+--------+--------+-----+--------+

Top non-repeatable levels by time:
 Slime:4: 3944 daAuts
    D:11: 2957 daAuts
Vaults:4: 2780 daAuts
     D:7: 2597 daAuts
Depths:4: 2527 daAuts
 Snake:2: 2269 daAuts
   Elf:2: 2241 daAuts
 Snake:4: 2236 daAuts
     D:8: 2159 daAuts
  Lair:5: 2126 daAuts
   Zot:4: 1845 daAuts
 Swamp:4: 1836 daAuts
Vaults:3: 1781 daAuts
   Elf:3: 1661 daAuts
Vaults:5: 1658 daAuts
